| TOP OF THE 1ST |
|
Erie SeaWolves batting - Pitching for Jackson Generals : RHP Jim Ruleman
|
|
Pitching: RHP Jim Ruleman
|
|
|
Batting: RHB Janne Vihko
|
0-0: Called Strike 0-1: Bunted foul 0-2: Ground out 6-3 (Groundball, 6, EV 80.6 MPH)
|
|
Batting: RHB Brandon O'Malley
|
0-0: Swinging Strike 0-1: Ball 1-1: Ball 2-1: TRIPLE (Line Drive, 78XD, EV 104.4 MPH)
|
|
Batting: SHB Willie Medina
|
0-0: Ball 1-0: Called Strike 1-1: Ball 2-1: Foul Ball, location: 2F 2-2: Foul Ball, location: 2F 2-2: Foul Ball, location: 2F 2-2: Ball 3-2: Fly out, F8 (Flyball, 8RXD, EV 100.0 MPH) Runner from 3rd tags up, SCORES, no throw by CF
|
|
Batting: LHB Jon Frederick
|
0-0: Called Strike 0-1: Called Strike 0-2: Strikes out swinging
|
| Top of the 1st over - 1 run, 1 hit, 0 errors, 0 left on base; Erie 1 - Jackson 0 |
| BOTTOM OF THE 1ST |
|
Jackson Generals batting - Pitching for Erie SeaWolves : RHP Dan Keener
|
|
Pitching: RHP Dan Keener
|
|
|
Batting: RHB Enrique Valdez
|
0-0: Called Strike 0-1: Ball 1-1: Called Strike 1-2: Strikes out looking
|
|
Batting: LHB Chris Jackson
|
0-0: Called Strike 0-1: Called Strike 0-2: Foul Ball, location: 2F 0-2: Strikes out swinging
|
|
Batting: RHB Kinzo Yokoyama
|
0-0: Ball 1-0: Swinging Strike 1-1: Fly out, F8 (Flyball, 78D, EV 104.4 MPH)
|
| Bottom of the 1st over - 0 runs, 0 hits, 0 errors, 0 left on base; Erie 1 - Jackson 0 |
| TOP OF THE 2ND |
|
Erie SeaWolves batting - Pitching for Jackson Generals : RHP Jim Ruleman
|
|
Batting: RHB Joel Miller
|
0-0: Foul Ball, location: 2F 0-1: Ground out 4-3 (Groundball, 4, EV 82.5 MPH)
|
|
Batting: RHB Norm Wood
|
0-0: Ball 1-0: SINGLE (Groundball, 56, EV 109.4 MPH) (infield hit)
|
|
Batting: RHB German Quiroga
|
0-0: Called Strike Norm Wood is caught stealing 2nd base 2-4 0-1: Foul Ball, location: 2F 0-2: Foul Ball, location: 2F 0-2: Ball 1-2: Foul Ball, location: 2F 1-2: Ground out 4-3 (Groundball, 4M, EV 110.6 MPH)
|
| Top of the 2nd over - 0 runs, 1 hit, 0 errors, 0 left on base; Erie 1 - Jackson 0 |
| BOTTOM OF THE 2ND |
|
Jackson Generals batting - Pitching for Erie SeaWolves : RHP Dan Keener
|
|
Batting: LHB Jason Kinney
|
0-0: Swinging Strike 0-1: Ball 1-1: Ball 2-1: Foul Ball, location: 2F 2-2: Ball 3-2: Foul Ball, location: 2F 3-2: Base on Balls
|
|
Batting: RHB Mike Conaway
|
0-0: Ball 1-0: Ball 2-0: Ball 3-0: Called Strike 3-1: Foul Ball, location: 2F 3-2: Base on Balls Jason Kinney to second
|
|
Batting: RHB Paul Shell
|
0-0: Called Strike 0-1: Ball 1-1: Swinging Strike 1-2: Ball 2-2: SINGLE (Line Drive, 34D, EV 100.0 MPH) Jason Kinney to third Mike Conaway to second Runner from 3rd tries for Home, SAFE, throw by RF to home
|
|
Batting: RHB Jeff Cox
|
0-0: Swinging Strike 0-1: Ball 1-1: Ball 2-1: Ball 3-1: Called Strike 3-2: SINGLE (Groundball, 4D, EV 98.1 MPH) Mike Conaway to third Paul Shell to second Runner from 3rd tries for Home, SAFE, throw by CF to home
|
|
Batting: RHB Chris Van Niel
|
0-0: Called Strike 0-1: Called Strike 0-2: SINGLE (Flyball, 3D, EV 91.2 MPH) Paul Shell to third Jeff Cox to second
|
|
Batting: RHB Jesus Santiago
|
0-0: Called Strike 0-1: Ball 1-1: Ball 2-1: Called Strike 2-2: Ball 3-2: Foul Ball, location: 2F 3-2: Foul Ball, location: 2F 3-2: Base on Balls Paul Shell scores Jeff Cox to third Chris Van Niel to second
|
|
Batting: RHB Enrique Valdez
|
0-0: Ball 1-0: Foul Ball, location: 2F 1-1: Called Strike 1-2: Strikes out swinging
|
|
Batting: LHB Chris Jackson
|
0-0: Swinging Strike 0-1: Called Strike 0-2: Strikes out swinging
|
|
Batting: RHB Kinzo Yokoyama
|
0-0: Called Strike 0-1: Fielders Choice at 2nd, 5-4 (Groundball, 56, EV 103.8 MPH)
|
| Bottom of the 2nd over - 3 runs, 3 hits, 0 errors, 3 left on base; Erie 1 - Jackson 3 |
| TOP OF THE 3RD |
|
Erie SeaWolves batting - Pitching for Jackson Generals : RHP Jim Ruleman
|
|
Batting: RHB J.J. Basil
|
0-0: Ball 1-0: Called Strike 1-1: Ball 2-1: Foul Ball, location: 2F 2-2: SINGLE (Flyball, 7S, EV 83.8 MPH)
|
|
Batting: RHB Keith Hoffman
|
0-0: Called Strike 0-1: Called Strike J.J. Basil is caught stealing 2nd base 2-4 0-2: Ball 1-2: Ground out 6-3 (Groundball, 6, EV 109.4 MPH)
|
|
Batting: RHB Janne Vihko
|
0-0: Ball 1-0: Fly out, F7 (Line Drive, 7, EV 95.6 MPH)
|
| Top of the 3rd over - 0 runs, 1 hit, 0 errors, 0 left on base; Erie 1 - Jackson 3 |
| BOTTOM OF THE 3RD |
|
Jackson Generals batting - Pitching for Erie SeaWolves : RHP Dan Keener
|
|
Batting: LHB Jason Kinney
|
0-0: Swinging Strike 0-1: Fly out, F5 (Popup, 56S, EV 85.6 MPH)
|
|
Batting: RHB Mike Conaway
|
0-0: DOUBLE (Flyball, 8RXD, EV 107.5 MPH)
|
|
Batting: RHB Paul Shell
|
0-0: Foul Ball, location: 2F 0-1: Swinging Strike 0-2: Strikes out swinging
|
|
Batting: RHB Jeff Cox
|
0-0: Called Strike 0-1: Called Strike 0-2: Ball 1-2: Ball 2-2: Strikes out swinging
|
| Bottom of the 3rd over - 0 runs, 1 hit, 0 errors, 1 left on base; Erie 1 - Jackson 3 |
| TOP OF THE 4TH |
|
Erie SeaWolves batting - Pitching for Jackson Generals : RHP Jim Ruleman
|
|
Batting: RHB Brandon O'Malley
|
0-0: Called Strike 0-1: Swinging Strike 0-2: Ball 1-2: DOUBLE (Groundball, 5L, EV 110.0 MPH)
|
|
Batting: SHB Willie Medina
|
0-0: Ball 1-0: Foul Ball, location: 2F 1-1: Ball 2-1: Fly out, F5 (Line Drive, 5, EV 67.5 MPH)
|
|
Batting: LHB Jon Frederick
|
0-0: Ground out 4-3 (Groundball, 4, EV 80.6 MPH) Brandon O'Malley to third
|
|
Batting: RHB Joel Miller
|
0-0: Called Strike 0-1: Foul Ball, location: 2F 0-2: Strikes out swinging
|
| Top of the 4th over - 0 runs, 1 hit, 0 errors, 1 left on base; Erie 1 - Jackson 3 |
| BOTTOM OF THE 4TH |
|
Jackson Generals batting - Pitching for Erie SeaWolves : RHP Dan Keener
|
|
Batting: RHB Chris Van Niel
|
0-0: Ball 1-0: Foul Ball, location: 2F 1-1: Foul Ball, location: 2F 1-2: Ball 2-2: Foul Ball, location: 2F 2-2: SINGLE (Groundball, 4MD, EV 109.4 MPH)
|
|
Batting: RHB Jesus Santiago
|
0-0: Called Strike Chris Van Niel steals 2nd base (no throw) 0-1: Swinging Strike 0-2: Ball 1-2: Strikes out swinging
|
|
Batting: RHB Enrique Valdez
|
0-0: Ball 1-0: Ball 2-0: SINGLE (Line Drive, 8LS, EV 110.6 MPH) Chris Van Niel to third
|
|
Batting: LHB Chris Jackson
|
0-0: Foul Ball, location: 2F 0-1: Ball 1-1: Called Strike 1-2: Foul Ball, location: 2F 1-2: Foul Ball, location: 2F 1-2: Fielders Choice at 2nd, 4-6 (Groundball, 34D, EV 86.9 MPH) Chris Van Niel scores
|
|
Batting: RHB Kinzo Yokoyama
|
0-0: Ball 1-0: 2-RUN HOME RUN (Line Drive, 9D, EV 99.4 MPH), Distance : 389 ft
|
|
Pitching: RHP Rick Young
|
|
|
Batting: LHB Jason Kinney
|
0-0: Ball 1-0: Ball 2-0: Foul Ball, location: 2F 2-1: SINGLE (Groundball, 3D, EV 96.2 MPH)
|
|
Batting: RHB Mike Conaway
|
0-0: Called Strike 0-1: Ball 1-1: Ground out 4-3 (Groundball, 34, EV 86.9 MPH)
|
| Bottom of the 4th over - 3 runs, 4 hits, 0 errors, 1 left on base; Erie 1 - Jackson 6 |
| TOP OF THE 5TH |
|
Erie SeaWolves batting - Pitching for Jackson Generals : RHP Jim Ruleman
|
|
Batting: RHB Norm Wood
|
0-0: Ball 1-0: Ground out 4-3 (Groundball, 4, EV 78.1 MPH)
|
|
Batting: RHB German Quiroga
|
0-0: Foul Ball, location: 2F 0-1: Called Strike 0-2: Ball 1-2: SINGLE (Groundball, 6MD, EV 96.2 MPH)
|
|
Batting: RHB J.J. Basil
|
0-0: Called Strike 0-1: Ball 1-1: Fly out, F7 (Line Drive, 7S, EV 93.1 MPH)
|
|
Batting: RHB Keith Hoffman
|
0-0: Called Strike 0-1: Ball 1-1: Foul Ball, location: 2F 1-2: Fielders Choice at 2nd, U4 (Groundball, 4M, EV 101.9 MPH)
|
| Top of the 5th over - 0 runs, 1 hit, 0 errors, 1 left on base; Erie 1 - Jackson 6 |
| BOTTOM OF THE 5TH |
|
Jackson Generals batting - Pitching for Erie SeaWolves : RHP Rick Young
|
|
Batting: RHB Paul Shell
|
0-0: Called Strike 0-1: Ball 1-1: Called Strike 1-2: Foul Ball, location: 2F 1-2: Ball 2-2: Strikes out swinging
|
|
Batting: RHB Jeff Cox
|
0-0: Ball 1-0: Ball 2-0: SINGLE (Groundball, 56D, EV 98.1 MPH)
|
|
Batting: RHB Chris Van Niel
|
0-0: Called Strike 0-1: Ball 1-1: Fly out, F9 (Flyball, 89D, EV 109.4 MPH)
|
|
Batting: RHB Jesus Santiago
|
0-0: Fielders Choice at 2nd, 5-4 (Groundball, 56, EV 81.9 MPH)
|
| Bottom of the 5th over - 0 runs, 1 hit, 0 errors, 1 left on base; Erie 1 - Jackson 6 |
| TOP OF THE 6TH |
|
Erie SeaWolves batting - Pitching for Jackson Generals : RHP Jim Ruleman
|
|
Batting: RHB Janne Vihko
|
0-0: Ball 1-0: Ball 2-0: Called Strike 2-1: Foul Ball, location: 2F 2-2: Ground out 5-3 (Groundball, 5, EV 85.6 MPH)
|
|
Batting: RHB Brandon O'Malley
|
0-0: Swinging Strike 0-1: Ground out 6-3 (Groundball, 6, EV 91.9 MPH)
|
|
Batting: SHB Willie Medina
|
0-0: Ball 1-0: Foul Ball, location: 2F 1-1: Foul Ball, location: 2F 1-2: Ball 2-2: SINGLE (Line Drive, 34D, EV 104.4 MPH)
|
|
Batting: LHB Jon Frederick
|
0-0: Ball Willie Medina steals 2nd base (no throw) 1-0: Foul Ball, location: 2F 1-1: SINGLE (Flyball, 8RS, EV 96.9 MPH) Willie Medina to third Runner from 3rd tries for Home, SAFE, throw by CF to home
|
|
Batting: RHB Joel Miller
|
0-0: Called Strike 0-1: Foul Ball, location: 2F 0-2: Ball 1-2: Ball 2-2: Foul Ball, location: 2F 2-2: Strikes out swinging
|
| Top of the 6th over - 1 run, 2 hits, 0 errors, 1 left on base; Erie 2 - Jackson 6 |
| BOTTOM OF THE 6TH |
|
Jackson Generals batting - Pitching for Erie SeaWolves : RHP Rick Young
|
|
Batting: RHB Enrique Valdez
|
0-0: Called Strike 0-1: Swinging Strike 0-2: Strikes out swinging
|
|
Batting: LHB Chris Jackson
|
0-0: Ground out 4-3 (Groundball, 4MD, EV 106.2 MPH)
|
|
Batting: RHB Kinzo Yokoyama
|
0-0: Foul Ball, location: 2F 0-1: Ball 1-1: Foul Ball, location: 2F 1-2: Strikes out swinging
|
| Bottom of the 6th over - 0 runs, 0 hits, 0 errors, 0 left on base; Erie 2 - Jackson 6 |
| TOP OF THE 7TH |
|
Erie SeaWolves batting - Pitching for Jackson Generals : RHP Jim Ruleman
|
|
Batting: RHB Norm Wood
|
0-0: Ground out 6-3 (Groundball, 6, EV 88.8 MPH)
|
|
Batting: RHB German Quiroga
|
0-0: Ground out 1-3 (Groundball, 13S, EV 63.1 MPH)
|
|
Batting: RHB J.J. Basil
|
0-0: Swinging Strike 0-1: Ball 1-1: Called Strike 1-2: Foul Ball, location: 2F 1-2: Foul Ball, location: 2F 1-2: Strikes out swinging
|
| Top of the 7th over - 0 runs, 0 hits, 0 errors, 0 left on base; Erie 2 - Jackson 6 |
| BOTTOM OF THE 7TH |
|
Jackson Generals batting - Pitching for Erie SeaWolves : RHP Rick Young
|
|
Pitching: LHP Jim Daum
|
|
|
Batting: LHB Jason Kinney
|
0-0: Called Strike 0-1: Ball 1-1: Swinging Strike 1-2: Ball 2-2: Foul Ball, location: 2F 2-2: Foul Ball, location: 2F 2-2: Ball 3-2: Foul Ball, location: 2F 3-2: Strikes out swinging
|
|
Batting: RHB Mike Conaway
|
0-0: Ball 1-0: Called Strike 1-1: Swinging Strike 1-2: Strikes out swinging
|
|
Batting: RHB Paul Shell
|
0-0: Ball 1-0: Called Strike 1-1: Called Strike 1-2: Ball 2-2: Strikes out swinging
|
| Bottom of the 7th over - 0 runs, 0 hits, 0 errors, 0 left on base; Erie 2 - Jackson 6 |
| TOP OF THE 8TH |
|
Erie SeaWolves batting - Pitching for Jackson Generals : RHP Jim Ruleman
|
|
Batting: RHB Keith Hoffman
|
0-0: Ground out 4-3 (Groundball, 4, EV 79.4 MPH)
|
|
Batting: RHB Janne Vihko
|
0-0: Ground out 5-3 (Groundball, 56S, EV 64.4 MPH)
|
|
Batting: RHB Brandon O'Malley
|
0-0: Called Strike 0-1: Ball 1-1: Foul Ball, location: 2F 1-2: Strikes out looking
|
| Top of the 8th over - 0 runs, 0 hits, 0 errors, 0 left on base; Erie 2 - Jackson 6 |
| BOTTOM OF THE 8TH |
|
Jackson Generals batting - Pitching for Erie SeaWolves : LHP Jim Daum
|
|
Batting: RHB Jeff Cox
|
0-0: Ball 1-0: Called Strike 1-1: Ball 2-1: Ground out 4-3 (Groundball, 4, EV 80.0 MPH)
|
|
Batting: RHB Chris Van Niel
|
0-0: SINGLE (Groundball, 34D, EV 105.6 MPH)
|
|
Batting: RHB Jesus Santiago
|
0-0: Ball 1-0: Foul Ball, location: 2F 1-1: Ball 2-1: Fly out, F8 (Flyball, 78M, EV 78.1 MPH)
|
|
Batting: RHB Enrique Valdez
|
0-0: Called Strike Chris Van Niel steals 2nd base 0-1: Ball 1-1: Ball 2-1: Ball 3-1: Called Strike 3-2: Ground out 6-3 (Groundball, 6, EV 82.5 MPH)
|
| Bottom of the 8th over - 0 runs, 1 hit, 0 errors, 1 left on base; Erie 2 - Jackson 6 |
| TOP OF THE 9TH |
|
Erie SeaWolves batting - Pitching for Jackson Generals : RHP Jim Ruleman
|
|
Batting: SHB Willie Medina
|
0-0: Ball 1-0: Ball 2-0: SINGLE (Line Drive, 9S, EV 106.2 MPH)
|
|
Batting: LHB Jon Frederick
|
0-0: Ball 1-0: DOUBLE (Flyball, 8LXD, EV 95.0 MPH) Willie Medina to third
|
|
Pitching: RHP Matt Fox
|
|
|
Batting: RHB Joel Miller
|
0-0: Ball 1-0: Ball 2-0: Called Strike 2-1: Called Strike 2-2: Ground out 5-3 (Groundball, 56S, EV 81.9 MPH) Willie Medina scores
|
|
Batting: RHB Norm Wood
|
0-0: Ball 1-0: Ball 2-0: Foul Ball, location: 2F 2-1: Foul Ball, location: 2F 2-2: Strikes out swinging
|
|
Batting: RHB German Quiroga
|
0-0: Called Strike 0-1: Foul Ball, location: 2F 0-2: Ground out 4-3 (Groundball, 4, EV 91.2 MPH)
|
| Top of the 9th over - 1 run, 2 hits, 0 errors, 1 left on base; Erie 3 - Jackson 6 |
|